 Dungeon Crawl Stone Soup version 0.21.1-1-g345015f (webtiles) character file.

93 wilfster70 the Cutter (level 4, 0/29 HPs)
             Began as a Halfling Warper on June 7, 2018.
             Slain by an adder (2 damage)
             ... on level 3 of the Dungeon.
             The game lasted 00:09:08 (3284 turns).

wilfster70 the Cutter (Halfling Warper)             Turns: 3284, Time: 00:09:09

Health: 0/29       AC:  9    Str: 12    XL:     4   Next: 91%
Magic:  6/6        EV:  8    Int: 12    God:
Gold:   46         SH:  0    Dex: 13    Spells: 2/6 levels left

rFire    . . .     SeeInvis .   a - +0 short sword
rCold    . . .     Gourm    .   (shield restricted)
rNeg     . . .     Faith    .   j - +0 chain mail
rPois    .         Spirit   .   (no helmet)
rElec    .         Reflect  .   (no cloak)
rCorr    .         Harm     .   (no gloves)
MR       .....                  (no boots)
Stlth    ..........             (no amulet)
HPRegen  0.09/turn              (no ring)
MPRegen  0.10/turn              (no ring)

@: lethally poisoned (0 -> -1), starving
A: small, mutation resistance 1
a: no special abilities


You were on level 3 of the Dungeon.
You were starving.

You visited 1 branch of the dungeon, and saw 3 of its levels.

You collected 46 gold pieces.

Inventory:

Hand Weapons
 a - a +0 short sword (weapon)
Missiles
 e - 5 tomahawks of dispersal (quivered)
 g - 3 tomahawks
Armour
 b - a +0 leather armour
 j - a +0 chain mail (worn)
Scrolls
 h - a scroll of random uselessness {unknown}
 i - a scroll of fear {unknown}
Potions
 d - a potion of lignification {unknown}
 k - a potion of mutation {unknown}
 l - a potion of flight {unknown}
 m - a potion of resistance {unknown}
Books
 c - a book of Spatial Translocations

   Spells                             Type                      Level
   a - Blink                          Translocation                2
   b - Shroud of Golubria             Charms/Translocation         2
   c - Lesser Beckoning               Translocation                3
   d - Gell's Gravitas                Translocation                3
   e - Teleport Other                 Translocation                3
   f - Passage of Golubria            Translocation                4
Comestibles
 f - a ration


   Skills:
 - Level 1.7 Fighting
 - Level 4.0 Short Blades
 - Level 1.0 Throwing
 + Level 3.7 Armour
 - Level 2.1 Dodging
 - Level 1.5 Spellcasting
 - Level 3.2 Translocations


You had 2 spell levels left.
You knew the following spells:

 Your Spells              Type           Power        Failure   Level  Hunger
a - Blink                 Tloc           N/A          98%         2    ###....
b - Shroud of Golubria    Chrm/Tloc      #.........   100%        2    ###....


Dungeon Overview and Level Annotations

Branches:
Dungeon (3/15)

Altars:
Elyvilon


Innate Abilities, Weirdness & Mutations

You are small and have problems with some larger weapons.
You are somewhat resistant to further mutation.


Message History

You closely miss the adder.
The adder is lightly wounded.
The adder barely misses you.
The hobgoblin hits you but does no damage.
You miss the adder.
The adder is lightly wounded.
You feel sick. The adder bites you but does no damage.
The hobgoblin closely misses you.
You closely miss the adder.
The adder is lightly wounded.
The adder bites you.
* * * LOW HITPOINT WARNING * * *
The hobgoblin closely misses you. The adder misses you.
You closely miss the adder.
The adder is lightly wounded.
The adder bites you but does no damage. The hobgoblin barely misses you.
You hit the adder.
The adder is moderately wounded.
The adder bites you.
You die...

### ..# #
#.#
###..###.#
#.....S@<#
.....###g#
#.# #...
#.### ..#
###


You could see an adder and a hobgoblin.

Vanquished Creatures
  4 adders
  An ooze (D:2)
  2 worms (D:2)
  2 dart slugs
  A leopard gecko (D:1)
  2 ball pythons (D:2)
  5 giant cockroaches
  2 goblins (D:1)
  6 hobgoblins
  2 kobolds (D:2)
  A quokka (D:2)
  4 bats
  3 frilled lizards (D:1)
  9 rats
44 creatures vanquished.

Notes
Turn   | Place    | Note
-------+----------+-------------------------------------------
     0 | D:1      | wilfster70 the Halfling Warper began the quest for the Orb.
     0 | D:1      | Reached XP level 1. HP: 14/14 MP: 3/3
   275 | D:1      | Reached XP level 2. HP: 17/19 MP: 4/4
   283 | D:1      | Learned a level 2 spell: Blink
   286 | D:1      | Learned a level 2 spell: Shroud of Golubria
   340 | D:1      | Reached skill level 3 in Short Blades
  1106 | D:1      | Reached XP level 3. HP: 23/24 MP: 5/5
  1719 | D:2      | Reached XP level 4. HP: 19/29 MP: 6/6
  2200 | D:2      | Reached skill level 4 in Short Blades
  2999 | D:2      | Found a white marble altar of Elyvilon.
  3284 | D:3      | Slain by an adder

Skill      XL: |  1  2  3  4 |
---------------+-------------+-----
Short Blades   | 3 4 |  4.0
Armour         | 2 3 |  3.7
Fighting       | |  1.7
Throwing       | |  1.0
Dodging        | |  2.1
Spellcasting   | |  1.5
Translocations | |  3.2

Action                   |  1- 3 |  4- 6 || total
-------------------------+-------+-------++-------
Melee: Short sword       |   124 |   150 ||   274
  Use: Potion            |     2 |       ||     2
       Scroll            |     1 |       ||     1
  Eat: Chunk             |     2 |       ||     2
       Ration            |       |     1 ||     1
Armor: Leather armour    |    24 |     1 ||    25
       Chain mail        |       |    59 ||    59
Dodge: Dodged            |    72 |    63 ||   135
